 Dungeon Crawl Stone Soup version 0.24.0-35-gdb84b6a5db (webtiles) character file.

Game seed: 16489564978994378583, levelgen mode: deterministic

105 Ponchio the Magician (level 4, -4/24 HPs)
             Began as a Deep Elf Fire Elementalist on Nov 17, 2019.
             Slain by an orc
             ... wielding a +0 falchion
              (9 damage)
             ... on level 3 of the Dungeon.
             The game lasted 00:08:37 (2695 turns).

Ponchio the Magician (Deep Elf Fire Elementalist)   Turns: 2695, Time: 00:08:38

Health: -4/24      AC:  2    Str:  5    XL:     4   Next: 54%
Magic:  4/12       EV: 13    Int: 21    God:
Gold:   100        SH:  0    Dex: 15    Spells: 9/12 levels left

rFire    . . .     SeeInvis .   d - +0 hand axe
rCold    . . .     Gourm    .   (no shield)
rNeg     . . .     Faith    .   a - +0 robe
rPois    .         Spirit   .   (no helmet)
rElec    .         Reflect  .   (no cloak)
rCorr    .         Harm     .   (no gloves)
MR       .....                  (no boots)
Stlth    ++........             (no amulet)
HPRegen  0.08/turn              (no ring)
MPRegen  0.13/turn              (no ring)

@: no status effects
A: no striking features
a: no special abilities


You were on level 3 of the Dungeon.
You were not hungry.

You visited 1 branch of the dungeon, and saw 3 of its levels.

You collected 100 gold pieces.

Inventory:

Hand Weapons
 d - a +0 hand axe (weapon)
Armour
 a - a +0 robe (worn)
Magical Staves
 g - an uncursed staff of summoning
Potions
 b - a potion of brilliance {unknown}
 f - a potion of haste {unknown}
 h - a potion of magic {unknown}
Comestibles
 c - 8 rations


   Skills:
 - Level 2.5 Dodging
 - Level 2.4 Stealth
 + Level 4.8 Spellcasting
 + Level 3.2 Conjurations
 - Level 3.7 Fire Magic


You had 9 spell levels left.
You knew the following spells:

 Your Spells              Type           Power        Failure   Level  Hunger
a - Flame Tongue          Conj/Fire      ###..        2%          1    None
b - Throw Flame           Conj/Fire      ###...       4%          2    None

Your spell library contained the following spells:

 Spells                   Type           Power        Failure   Level  Hunger
 Conjure Flame            Conj/Fire      ###.....     8%          3    ##.....
 Inner Flame              Hex/Fire       ##......     16%         3    ##.....
 Sticky Flame             Conj/Fire      ###.....     26%         4    ####...
 Fireball                 Conj/Fire      ###.......   58%         5    #####..


Dungeon Overview and Level Annotations

Branches:
Dungeon (3/15)

Altars:
Yredelemnul


Message History

The flame tongue misses the orc.
The bat hits you. The orc hits you with a +0 falchion.
Casting: Flame Tongue (safe; 2% risk of failure)
Confirm with . or Enter, or press ? or * to list all spells.
Aiming: Flame Tongue (safe; 2% risk of failure)
Press: ? - help, Shift-Dir - straight line, f/p - orc
Aim: an orc, wielding a +0 falchion The flame tongue hits the orc.
The orc is moderately wounded.
The orc hits you with a +0 falchion.
* * * LOW HITPOINT WARNING * * *
The bat hits you but does no damage.
Casting: Flame Tongue (safe; 2% risk of failure)
Confirm with . or Enter, or press ? or * to list all spells.
Aiming: Flame Tongue (safe; 2% risk of failure)
Press: ? - help, Shift-Dir - straight line, f/p - orc
Aim: an orc, wielding a +0 falchion (moderately wounded)
The flame tongue misses the orc.
The bat misses you. The orc hits you with a +0 falchion!
You die...

.....%...>...##
..............#
..............
...............
...#...........
......b.......#
......))......#
#@o.....#
#########


You could see an orc and a bat.

Vanquished Creatures
  An orc priest (D:2)
  2 oozes (D:1)
  3 worms (D:2)
  A dart slug (D:1)
  5 leopard geckos
  5 orcs
  A ball python (D:3)
  A hobgoblin (D:2)
  2 jackals (D:1)
  5 bats
  4 frilled lizards
  3 goblins (D:1)
  9 kobolds
  9 rats
51 creatures vanquished.

Vanquished Creatures (others)
  2 plants (D:1)
2 creatures vanquished.

Grand Total: 53 creatures vanquished

Notes
Turn   | Place    | Note
-------+----------+-------------------------------------------
     0 | D:1      | Ponchio the Deep Elf Fire Elementalist began the quest for
                  | the Orb.
     0 | D:1      | Reached XP level 1. HP: 10/10 MP: 6/6
   226 | D:1      | Reached XP level 2. HP: 11/15 MP: 0/8
   671 | D:1      | Reached XP level 3. HP: 19/19 MP: 6/10
  1268 | D:2      | Reached skill level 4 in Spellcasting
  1318 | D:2      | Found a basalt altar of Yredelemnul.
  1529 | D:2      | Learned a level 2 spell: Throw Flame
  2281 | D:3      | Reached XP level 4. HP: 24/24 MP: 6/12
  2695 | D:3      | Slain by an orc

Levels and vault maps discovered:
D:1:      onia_arrival_pentagram, layout_loops_ring, lexackson_kobold_supper
D:2:      layout_loops_cross, yredelemnul_altar_generic
D:3:      cheibrodos_greedy_goblins, layout_loops_ring,
          lightli_sewer_entry_pipes, first_ration, fedhas_ov_isle_minmay

Skill      XL: |  1  2  3  4 |
---------------+-------------+-----
Conjurations   | 2 3 |  3.2
Spellcasting   | 4 |  4.8
Dodging        | |  2.5
Stealth        | |  2.4
Fire Magic     | |  3.7

Action                   |  1- 3 |  4- 6 || total
-------------------------+-------+-------++-------
Melee: Unarmed           |     2 |       ||     2
       Hand axe          |    17 |       ||    17
 Cast: Flame Tongue      |    69 |    15 ||    84
       Throw Flame       |     8 |     2 ||    10
  Use: Scroll            |     2 |       ||     2
 Stab: Sleeping          |     2 |       ||     2
  Eat: Chunk             |     3 |     2 ||     5
Armor: Robe              |    12 |     5 ||    17
Dodge: Dodged            |    39 |    21 ||    60
